 Dungeon Crawl Stone Soup version 0.30.0-2-g1aa4bd4387 (webtiles) character file.

Game seed: 4392371961643244664

1411 Eitelfritz the Cleaver (level 8, -3/70 HPs)
             Began as a Hill Orc Fighter on May 7, 2023.
             Slain by a manticore (14 damage)
             ... on level 6 of the Dungeon.
             The game lasted 00:10:05 (5387 turns).

Eitelfritz the Cleaver (Hill Orc Fighter)           Turns: 5387, Time: 00:10:06

Health: -3/70      AC: 10    Str: 21    XL:     8   Next: 70%
Magic:  8/8        EV: 11    Int:  8    God:
Gold:   154        SH:  4    Dex: 10    Spells: 7/7 levels left

rFire   . . .        a - +0 war axe
rCold   + + .        c - +0 buckler
rNeg    . . .        B - +2 ring mail {rC+}
rPois   .            v - +1 helmet
rElec   .            (no cloak)
rCorr   .            (no gloves)
SInv    .            (no boots)
Will    .....        (no amulet)
Stlth   +            j - ring of protection from cold
HPRegen 0.31/turn    (no ring)
MPRegen 0.11/turn

%: no passive effects
@: mighty
A: no striking features
a: no special abilities


You were on level 6 of the Dungeon.
You visited 2 branches of the dungeon, and saw 7 of its levels.

You collected 224 gold pieces.
You spent 70 gold pieces at shops.

Inventory:

Hand Weapons
 a - a +0 war axe (weapon)
 b - a +0 sling
 y - the +2 mace of the Feather {flame, rC++ Int+3 Stlth+}
   (You found it on level 5 of the Dungeon)

   Int:       It affects your intelligence (+3).
   rC:        It greatly protects you from cold.
   Stlth:     It makes you more stealthy.
Missiles
 g - a throwing net
 q - 5 poisoned darts
 A - 2 boomerangs
Armour
 c - a +0 buckler (worn)
 u - a +0 chain mail
 v - a +1 helmet (worn)
 B - a +2 ring mail of cold resistance (worn)
Jewellery
 j - a ring of protection from cold (left hand)
 z - a ring of fire
Wands
 m - a wand of light (10) (quivered)
Scrolls
 e - 6 scrolls of teleportation
 o - a scroll of fog
 r - a scroll of fear
Potions
 d - a potion of might
 h - a potion of ambrosia
 i - a potion of mutation
 k - 2 potions of resistance
 l - 2 potions of attraction
 n - a potion of brilliance
 p - a potion of lignification {unknown}
 s - a potion of flight {unknown}
 w - a potion of invisibility {unknown}
 x - a potion of magic {unknown}
 C - a potion of degeneration {unknown}
 D - a potion of cancellation {unknown}


   Skills:
 + Level 6.0 Fighting
 + Level 9.5 Axes
 + Level 0.4 Ranged Weapons
 + Level 6.1 Armour
 + Level 2.1 Dodging
 + Level 0.6 Stealth
 + Level 4.6 Shields
 + Level 0.3 Evocations


You had 7 spell levels left.
You didn't know any spells.
Your spell library contained the following spells:

 Spells                   Type           Power      Damage    Failure   Level
 Sandblast                Erth           0%         2d4       63%         1
 Ensorcelled Hibernation  Hex/Ice        0%         N/A       77%         2
 Passwall                 Tmut/Erth      0%         N/A       77%         2
 Spider Form              Tmut/Pois      0%         N/A       94%         3
 Stone Arrow              Conj/Erth      0%         3d7       94%         3
 Anguish                  Hex/Necr       0%         N/A       100%        4


Dungeon Overview and Level Annotations

Branches:
Dungeon (6/15)             Temple (1/1) D:4

Altars:
Ashenzari
Elyvilon
Kikubaaqudgha
Makhleb
Okawaru
Qazlal
Ru
Trog
Uskayaw
Vehumet
Wu Jian
Xom

Shops:
D:2 ?


Message History

The orc moves out of view.
Found a stone staircase leading down.
You start waiting.
There are monsters nearby!
You hit the manticore but do no damage. The manticore bites you.
The manticore claws you!
The manticore claws you but does no damage.
You hit the manticore.
The manticore is lightly wounded.
The manticore barely misses you.
The manticore claws you but does no damage.
The manticore barely misses you.
You hit the manticore.
The manticore is lightly wounded.
The manticore bites you. The manticore claws you!
The manticore claws you but does no damage.
You feel very mighty all of a sudden. The manticore bites you!
The manticore claws you but does no damage.
The manticore claws you.
You hit the manticore.
The manticore is lightly wounded.
The manticore bites you but does no damage.
The manticore claws you!
The manticore claws you but does no damage.
You hit the manticore.
The manticore is moderately wounded.
The manticore barely misses you. The manticore closely misses you.
The manticore claws you.
* * * LOW HITPOINT WARNING * * *
You barely miss the manticore.
The manticore is moderately wounded.
The manticore bites you!
* * * LOW HITPOINT WARNING * * *
You block the manticore's attack.
The manticore claws you but does no damage.
You hit the manticore.
The manticore is moderately wounded.
The manticore bites you!
You die...

### +.. ###########..
###.....+.#.... ##
#.....###.#+#.. ..
######.###.#.....#..
..#.#.#......#...).....##'
#.....#.######.###.....#..
......#..@.# #.#####.#+#..
......####H# #.+...'.#....
##...oH....# ###...#####..
##.........##.......#.'..
......##.##+#...#'#.###
##.... .# #...#.....#
##... .. ##+##.....+ #..
..> #.....# #.. ...
#+#.###


You could see a manticore.

Vanquished Creatures
  Sigmund (D:3)
  An ice beast (D:6)
  A phantom (D:4)
  5 scorpions
  4 killer bees (D:5)
  A hound (D:5)
  A jelly (D:5)
  3 orc priests
  A sleepcap (D:5)
  Terence (D:2)
  4 iguanas
  Natasha (twice) (D:4)
  2 orc wizards
  Robin (D:2)
  4 gnolls
  5 adders
  4 dart slugs
  16 orcs
  4 bats
  4 endoplasms
  4 giant cockroaches
  14 goblins
  7 hobgoblins
  4 jackals (D:1)
  4 quokkas
  7 ball pythons
  3 frilled lizards
  9 kobolds
  A rat (D:3)
118 creatures vanquished.

Vanquished Creatures (others)
  An orc wizard (D:6)
1 creature vanquished.

Grand Total: 119 creatures vanquished

Notes
Turn   | Place    | Note
-------+----------+-------------------------------------------
     0 | D:1      | Eitelfritz the Hill Orc Fighter began the quest for the
                  | Orb.
     0 | D:1      | Reached XP level 1. HP: 19/19 MP: 1/1
   199 | D:1      | Reached XP level 2. HP: 22/27 MP: 2/2
   554 | D:1      | Reached skill level 3 in Axes
   691 | D:2      | You fall into a shaft and drop 2 floors!
   734 | D:3      | Reached XP level 3. HP: 29/33 MP: 3/3
  1113 | D:2      | Found a faded altar of an unknown god.
  1162 | D:2      | Reached skill level 4 in Axes
  1162 | D:2      | Reached XP level 4. HP: 21/40 MP: 4/4
  1496 | D:2      | Found Veol Yde's Magic Scroll Emporium.
  1505 | D:2      | Bought a scroll of identify for 28 gold pieces
  1505 | D:2      | Bought a scroll of identify for 28 gold pieces
  1505 | D:2      | Bought a scroll of noise for 14 gold pieces
  1605 | D:2      | Noticed Terence
  1615 | D:2      | Killed Terence
  1616 | D:2      | Reached XP level 5. HP: 39/46 MP: 5/5
  1670 | D:3      | Noticed Robin
  1727 | D:2      | Killed Robin
  1728 | D:2      | Reached skill level 5 in Axes
  1879 | D:3      | Found a burning altar of Makhleb.
  1881 | D:3      | Noticed Sigmund
  1890 | D:3      | Killed Sigmund
  1891 | D:3      | Reached skill level 6 in Axes
  1891 | D:3      | Reached skill level 1 in Dodging
  1891 | D:3      | Reached XP level 6. HP: 44/53 MP: 6/6
  1998 | D:3      | Found a stormy altar of Qazlal.
  2527 | D:4      | Found a staircase to the Ecumenical Temple.
  2577 | Temple   | Entered the Ecumenical Temple
  2890 | D:4      | Reached skill level 7 in Axes
  2890 | D:4      | Reached XP level 7. HP: 47/60 MP: 7/7
  3000 | D:4      | Noticed Natasha
  3007 | D:4      | Killed Natasha
  3383 | D:4      | Noticed Natasha
  3389 | D:4      | Killed Natasha
  3502 | D:5      | Entered Level 5 of the Dungeon
  3640 | D:5      | Found a hide-covered altar of Uskayaw.
  3687 | D:5      | Reached skill level 5 in Armour
  3723 | D:5      | Reached skill level 5 in Fighting
  3751 | D:5      | Found a white marble altar of Elyvilon.
  3905 | D:5      | Found a sacrificial altar of Ru.
  4226 | D:5      | Reached skill level 8 in Axes
  4250 | D:5      | Identified the +2 mace of the Feather {flame, rC++ Int+3
                  | Stlth+}
  4503 | D:5      | Reached XP level 8. HP: 22/69 MP: 8/8
  4854 | D:6      | Found a shimmering altar of Xom.
  5102 | D:6      | Reached skill level 9 in Axes
  5366 | D:6      | Noticed a manticore
  5387 | D:6      | Slain by a manticore

Illustrated notes

Levels and vault maps discovered:
D:1:      minmay_arrival_checkered_box, layout_basic
D:2:      layout_loops_ring, hellmonk_ecumenical_altar_prayer_group,
          serial_shops, shop, uniq_terence
D:3:      layout_rooms, mainiacjoe_overflow_chevrons,
          nicolae_qazlal_scattered_showers, grunt_ministairs_13, uniq_sigmund,
          uniq_robin
D:4:      layout_gridville, minmay_temple_entry_statues_fountains, uniq_natasha
D:5:      layout_cave_pools, mainiacjoe_overflow_concentric_impassable,
          lemuel_doored_altar, mainiacjoe_overflow_catwalk,
          serial_co_window_serial, co_window_paths_a, co_window_paths_a,
          co_window_of_opportunity_a, co_window_paths_a, co_window_corner_a,
          co_window_paths_c, co_window_2corner, co_window_paths_c,
          co_window_4corner_a, glass_columns_c, glass_columns_a,
          glass_columns_b, dk_vineyard_2
D:6:      nicolae_cairo_tiling_large, layout_rooms, mainiacjoe_overflow_paths,
          nemelex_dance_club_becter, serial_co_window_serial,
          co_window_corner_a, co_window_paths_b, co_window_paths_a,
          co_window_of_opportunity_a, co_window_paths_a, co_window_paths_a,
          co_window_paths_b, co_window_corner_b, co_window_broadway_c,
          co_window_corner_b, co_window_4corner_a, uniq_crazy_yiuf_cottage
Temple:   nicolae_temple_stand_before_the_council

Skill      XL: |  1  2  3  4  5  6  7  8 |
---------------+-------------------------+-----
Axes           | 3 4 6 7 8 9 |  9.5
Fighting       | 4 5 6 |  6.0
Armour         | 4 5 6 |  6.1
Dodging        | 1 2 |  2.1
Shields        | 4 |  4.6
Ranged Weapons | |  0.4
Stealth        | |  0.6
Evocations     | |  0.3

Action                     |  1- 3 |  4- 6 |  7- 9 || total
---------------------------+-------+-------+-------++-------
  Melee: War axe           |    93 |   131 |   155 ||   379
   Fire: Sling             |       |       |     3 ||     3
  Evoke: Wand              |       |     2 |       ||     2
    Use: Scroll            |       |    12 |     4 ||    16
         Potion            |       |       |     4 ||     4
 Armour: Scale mail        |    53 |    55 |       ||   108
         Ring mail         |       |    22 |    84 ||   106
  Dodge: Dodged            |    41 |    55 |    94 ||   190
  Block: Buckler           |    23 |    32 |    26 ||    81
